 Dungeon Crawl Stone Soup version 0.22-a0-322-g60b3cfd (webtiles) character file.

439 Kairos the Chopper (level 7, -3/55 HPs)
             Began as a Barachi Fighter on Apr 5, 2018.
             Slain by Duvessa
             ... wielding a +0 rapier of draining
              (4 damage)
             ... on level 4 of the Dungeon.
             The game lasted 00:03:38 (2383 turns).

Kairos the Chopper (Barachi Fighter)                Turns: 2383, Time: 00:03:42

Health: -3/55      AC:  7    Str: 23    XL:     7   Next: 1%
Magic:  7/7        EV:  6    Int: 13    God:
Gold:   130        SH:  0    Dex: 11    Spells: 6/6 levels left

rFire    . . .     SeeInvis .   a - +1 war axe
rCold    . . .     Gourm    .   c - +0 shield
rNeg     . . .     Faith    .   b - +0 scale mail
rPois    .         Spirit   .   (no helmet)
rElec    .         Reflect  .   (no cloak)
rCorr    .         Harm     .   (no gloves)
MR       .....                  e - +0 pair of boots
Stlth    ..........             (no amulet)
HPRegen  0.18/turn              (no ring)
MPRegen  0.10/turn              (no ring)

@: confused, mighty, brilliant, very heavily drained, slow
A: +LOS, swims, clumsy 1, mutation resistance 1, slowness 1, strong legs 1
a: Hop


You were on level 4 of the Dungeon.
You were not hungry.

You visited 1 branch of the dungeon, and saw 4 of its levels.

You collected 130 gold pieces.

Inventory:

Hand Weapons
 a - a +1 war axe (weapon)
Armour
 b - a +0 scale mail (worn)
 c - a +0 shield (worn)
 e - a +0 pair of boots (worn)
Wands
 q - a wand of flame (21)
Scrolls
 g - a scroll of remove curse {unknown}
 l - 7 scrolls of identify {unknown}
 n - a scroll of fog {unknown}
 r - a scroll of amnesia {unknown}
 s - a scroll of teleportation {unknown}
 t - a scroll of magic mapping {unknown}
Potions
 h - a potion of agility {unknown}
 i - a potion of haste {unknown}
 j - a potion of magic
 m - a potion of flight {unknown}
 o - a potion of mutation
 p - 2 potions of curing
 u - a potion of invisibility {unknown}
 v - a potion of heal wounds {unknown}
 w - a potion of lignification {unknown}
 x - a potion of brilliance
Comestibles
 f - 6 rations


   Skills:
 + Level 4.8(0.0) Fighting
 + Level 5.4(0.5) Axes
 + Level 5.3(0.4) Armour
 + Level 1.3(0.0) Dodging
 + Level 0.2(0.0) Stealth
 + Level 4.4(0.0) Shields


You had 6 spell levels left.
You didn't know any spells.

Dungeon Overview and Level Annotations

Branches:
Dungeon (4/15)
 Temple: D:4-7

Altars:

Shops:
D:4 }

Annotations:
D:4 Dowan, Duvessa


Innate Abilities, Weirdness & Mutations

Shadows flee at your approach. (+LOS)
You can swim through water.
You cover ground slowly.
You can hop short distances.
You are clumsy. (Dex -2)
You are somewhat resistant to further mutation.


Message History

You feel drained.
* * * LOW HITPOINT WARNING * * *
You block Duvessa's attack.
You feel very mighty all of a sudden.
Duvessa gestures with her weapon.
You block Duvessa's attack.
It was a potion of brilliance.
You feel clever all of a sudden. Duvessa hits you but does no damage.
You feel drained.
Press: ? - help, v - describe, . - travel, g - get item 3 steel tomahawks.
There is something else lying underneath.
The floor, spattered with blood.
It was a potion of ambrosia.
You are confused.
You feel invigorated.
Duvessa hits you with a rapier of draining!
* * * LOW HITPOINT WARNING * * *
You feel drained.
You die...

#.# #.# ######.### ###
#......#.. ..#
#......#.# #.#
#......#.# #.#
#######.#.# #.#
#.......#.# #.#
#......(#@# #.#
#.......#e##########.###
#######>(e.............#
#.#.##########.#.##
#.#.##########.#..#
#.#.............#.#
#.#.............#.#
#.#.............#.#
#.#.............#..


You could see Duvessa and Dowan.

Vanquished Creatures
  Sigmund (D:2)
  A howler monkey (D:4)
  Jessica (D:3)
  An iguana (D:4)
  Natasha (D:2)
  Robin (D:2)
  4 adders
  An adder skeleton (D:4)
  2 worms
  4 dart slugs (D:1)
  4 leopard geckos
  2 orcs (D:4)
  2 ball pythons (D:3)
  7 bats
  6 giant cockroaches
  18 goblins
  10 hobgoblins
  4 jackals (D:3)
  8 kobolds
  8 frilled lizards
  9 rats
95 creatures vanquished.

Notes
Turn   | Place    | Note
-------+----------+-------------------------------------------
     0 | D:1      | Kairos the Barachi Fighter began the quest for the Orb.
     0 | D:1      | Reached XP level 1. HP: 18/18 MP: 1/1
    47 | D:1      | Reached XP level 2. HP: 18/25 MP: 2/2
   359 | D:1      | Reached XP level 3. HP: 30/30 MP: 3/3
   644 | D:2      | Noticed Robin
   650 | D:2      | Killed Robin
   654 | D:2      | Reached XP level 4. HP: 37/37 MP: 4/4
   802 | D:2      | Noticed Sigmund
   810 | D:2      | Killed Sigmund
   810 | D:2      | Reached skill level 1 in Dodging
   810 | D:2      | Reached XP level 5. HP: 35/42 MP: 5/5
   810 | D:2      | Reached XP level 6. HP: 40/48 MP: 6/6
  1040 | D:2      | Noticed Natasha
  1049 | D:2      | Killed Natasha
  1049 | D:2      | Reached skill level 5 in Axes
  1509 | D:3      | Noticed Jessica
  1525 | D:3      | Killed Jessica
  1909 | D:4      | Reached skill level 5 in Armour
  1911 | D:4      | Found Itofefom's Gadget Shoppe.
  2015 | D:4      | Reached XP level 7. HP: 55/55 MP: 7/7
  2351 | D:4      | Noticed Dowan
  2352 | D:4      | Noticed Duvessa
  2379 | D:4      | Gained mutation: You are clumsy. (Dex -2) [potion of mutation]
  2379 | D:4      | Gained mutation: You are somewhat resistant to further mutation. [potion of mutation]
  2383 | D:4      | HP: 1/55 [Duvessa/rapier of draining (9)]
  2383 | D:4      | Slain by Duvessa

Vault maps used:
D:1:      eino_arrival_tree_alley, minmay_pentomino_x2
D:2:      serial_forest, infiniplex_forest_lined_room_3,
          infiniplex_forest_straight_4, infiniplex_forest_lined_room_2,
          infiniplex_forest_clump_C, infiniplex_forest_clump_cross,
          infiniplex_forest_clump_small, infiniplex_forest_clump_small,
          infiniplex_forest_straight_2, uniq_sigmund, uniq_natasha, uniq_robin
D:3:      minmay_misc_feat_rugged, kennysheep_potato, uniq_jessica
D:4:      serial_shops, kennysheep_mini_moat, uniq_duvessa

Skill      XL: |  1  2  3  4  5  6 |
---------------+-------------------+-----
Armour         | 4 5 |  5.3
Axes           | 3 4 5 |  5.4
Fighting       | 4 |  4.8
Dodging        | 1 |  1.3
Shields        | 4 |  4.4
Stealth        | |  0.2

Action                   |  1- 3 |  4- 6 |  7- 9 || total
-------------------------+-------+-------+-------++-------
Melee: War axe           |    85 |   165 |    11 ||   261
  Use: Scroll            |     1 |       |       ||     1
       Potion            |       |       |     6 ||     6
  Eat: Chunk             |       |     4 |       ||     4
       Ration            |       |       |     1 ||     1
Armor: Scale mail        |    53 |    88 |     7 ||   148
Dodge: Dodged            |    20 |    62 |     6 ||    88
Block: Shield            |    66 |    89 |    11 ||   166

Table legend:
 A = Spawn XP
 B = Non-spawn XP
 C = Spawn XP percentage of total XP
 D = Spawn monster count
 E = Non-spawn monster count
 F = Spawn count percentage of total count
 G = Total turns spent on level
                    A         B        C        D         E        F      G
               +---------+---------+-------+---------+---------+-------+---------
         Total |       0 |     628 |   0.0 |       0 |      95 |   0.0 |  2383
               +---------+---------+-------+---------+---------+-------+---------
           D:1 |       0 |      46 |   0.0 |       0 |      23 |   0.0 |   644
           D:2 |       0 |     342 |   0.0 |       0 |      32 |   0.0 |   597
           D:3 |       0 |     123 |   0.0 |       0 |      32 |   0.0 |   547
           D:4 |       0 |     117 |   0.0 |       0 |       8 |   0.0 |   595
               +---------+---------+-------+---------+---------+-------+---------
